 Dungeon Crawl Stone Soup version 0.21-a0-421-gfc1ce30 (webtiles) character file.

83 Koleisus the Sneak (level 4, -1/33 HPs)
             Began as a Vampire Assassin on Nov 4, 2017.
             Was an Initiate of Dithmenos.
             Slain by Natasha (10 damage)
             ... on level 3 of the Dungeon.
             The game lasted 00:07:53 (2364 turns).

Koleisus the Sneak (Vampire Assassin)               Turns: 2364, Time: 00:07:53

Health: -1/33      AC:  3    Str: 10    XL:     4   Next: 22%
Magic:  4/4        EV: 13    Int: 13    God:    Dithmenos [......]
Gold:   26         SH:  0    Dex: 16    Spells: 3/3 levels left

rFire    . . .     SeeInvis +   o - +1 mace (drain)
rCold    . . .     Gourm    .   (no shield)
rNeg     + . .     Faith    .   c - +0 robe
rPois    .         Spirit   .   (no helmet)
rElec    .         Reflect  .   d - +0 cloak
rCorr    .         Harm     .   (no gloves)
MR       .....                  (no boots)
Stlth    ++++......             (no amulet)
HPRegen  0.11/turn              (no ring)
MPRegen  0.09/turn              (no ring)

@: slowed, very slow
A: fangs 3, see invisible, unbreathing
a: Bat Form, Renounce Religion


You were on level 3 of the Dungeon.
You worshipped Dithmenos.
Dithmenos was noncommittal.
You were not thirsty.

You visited 1 branch of the dungeon, and saw 3 of its levels.

You collected 26 gold pieces.

Inventory:

Hand Weapons
 a - a +2 dagger
 b - a +0 blowgun
 o - a +1 mace of draining (weapon)
Missiles
 e - 17 poisoned needles
 f - 2 curare-tipped needles
Armour
 c - a +0 robe (worn)
 d - a +0 cloak (worn)
Scrolls
 h - 2 scrolls of magic mapping {unknown}
 i - 3 scrolls of remove curse {unknown}
 k - a scroll of recharging {unknown}
 l - 2 scrolls of identify {unknown}
 m - 3 scrolls of amnesia {unknown}
 q - a scroll of random uselessness {unknown}
 r - a scroll of enchant armour {unknown}
Potions
 g - 9 potions of blood
 j - a potion of brilliance {unknown}
 p - a potion of might {unknown}
 s - a potion of lignification {unknown}
 t - a potion of curing {unknown}


   Skills:
 + Level 1.8 Fighting
 + Level 2.6 Short Blades
 + Level 1.0 Maces & Flails
 + Level 1.5 Throwing
 + Level 2.0 Dodging
 + Level 7.4 Stealth
 + Level 0.2 Unarmed Combat


You had 3 spell levels left.
You didn't know any spells.

Dungeon Overview and Level Annotations

Branches:
Dungeon (3/15)

Altars:
Dithmenos
Ru

Annotations:
D:3 Natasha


Innate Abilities, Weirdness & Mutations

You have razor-sharp teeth.
You have supernaturally acute eyesight. (SInv)
You can survive without breathing.


Message History

Natasha stares at you and mumbles some strange words.
You feel yourself slow down.
Tossing away (i - inventory):
n - 2 large rocks (quivered)
Press: ? - help, Shift-Dir - straight line, f/p - Natasha
Aim: Natasha You toss away a large rock.
The large rock hits Natasha but does no damage.
You hear an angry hiss.
A frilled lizard comes into view.
Tossing away (i - inventory):
n - a large rock (quivered)
Press: ? - help, Shift-Dir - straight line, f/p - Natasha
Aim: Natasha You toss away a large rock.
The large rock barely misses Natasha.
The large rock hits the leopard gecko but does no damage.
Natasha misses you.
The frilled lizard hisses.
You barely miss Natasha. Natasha claws you!
* * * LOW HITPOINT WARNING * * *
The leopard gecko misses you. Natasha claws you!
You die...

....###.....####
#.<...((........
#<###.(#<#..
#....(......l...
######....(.....###..
#........l.$?...#
..####...<......#
#lh........#
#@.........#
#......)...#
#..........#
############


You could see Natasha, a leopard gecko and a frilled lizard.

Vanquished Creatures
  Natasha (D:3)
  An adder (D:2)
  3 dart slugs
  A leopard gecko (D:1)
  6 giant cockroaches
  4 goblins
  3 hobgoblins
  6 kobolds
  8 bats
  5 frilled lizards (D:1)
  3 rats
41 creatures vanquished.

Notes
Turn   | Place    | Note
-------+----------+-------------------------------------------
     0 | D:1      | Koleisus the Vampire Assassin began the quest for the Orb.
     0 | D:1      | Reached XP level 1. HP: 16/16 MP: 1/1
    70 | D:1      | Reached skill level 6 in Stealth
   150 | D:1      | Reached XP level 2. HP: 22/22 MP: 2/2
   476 | D:1      | Reached skill level 7 in Stealth
   764 | D:1      | Reached XP level 3. HP: 25/27 MP: 3/3
  1286 | D:2      | Found a sacrificial altar of Ru.
  1442 | D:3      | Noticed Natasha
  1645 | D:2      | Found a shadowy altar of Dithmenos.
  1655 | D:2      | Became a worshipper of Dithmenos the Shadowed
  2301 | D:3      | Killed Natasha
  2301 | D:3      | Reached skill level 1 in Maces & Flails
  2301 | D:3      | Reached XP level 4. HP: 22/33 MP: 4/4
  2359 | D:3      | Noticed Natasha
  2364 | D:3      | Slain by Natasha

Vault maps used:
D:1:      tarquinn_simple_flora_water_a
D:2:      cheibrodos_helix_gallery, lemuel_round_altar, minivault_4,
          nicolae_dithmenos_through_a_glass_darkly
D:3:      okawaru_gym_becter, first_bread, uniq_natasha

Skill      XL: |  1  2  3 |
---------------+----------+-----
Stealth        | 6 7 |  7.4
Maces & Flails | 1 |  1.0
Dodging        | 2 |  2.0
Fighting       | |  1.8
Short Blades   | |  2.6
Throwing       | |  1.5
Unarmed Combat | |  0.2

Action                   |  1- 3 |  4- 6 || total
-------------------------+-------+-------++-------
Melee: Dagger            |    46 |       ||    46
       Mace              |    57 |     1 ||    58
       Bite              |    12 |       ||    12
       Unarmed           |    61 |       ||    61
 Abil: End Transformatio |     1 |       ||     1
       Bat Form          |     1 |       ||     1
  Use: Potion            |     4 |       ||     4
 Stab: Sleeping          |    14 |       ||    14
Armor: Robe              |    22 |       ||    22
Dodge: Dodged            |   117 |     2 ||   119

Table legend:
 A = Spawn XP
 B = Non-spawn XP
 C = Spawn XP percentage of total XP
 D = Spawn monster count
 E = Non-spawn monster count
 F = Spawn count percentage of total count
 G = Total turns spent on level
                    A         B        C        D         E        F      G
               +---------+---------+-------+---------+---------+-------+---------
         Total |       0 |     119 |   0.0 |       0 |      41 |   0.0 |  2364
               +---------+---------+-------+---------+---------+-------+---------
           D:1 |       0 |      44 |   0.0 |       0 |      24 |   0.0 |  1215
           D:2 |       0 |      40 |   0.0 |       0 |      16 |   0.0 |  1073
           D:3 |       0 |      35 |   0.0 |       0 |       1 |   0.0 |    76
               +---------+---------+-------+---------+---------+-------+---------
